 Dungeon Crawl Stone Soup version 0.31.0-9-g3a7656b989 (webtiles) character file.

Game seed: 8423923302165357380

40 qw the Shooter (level 3, -2/20 HPs)
             Began as a Deep Elf Hunter on Feb 2, 2024.
             Slain by a gnoll
             ... wielding a +1 heavy flail
              (15 damage)
             ... on level 2 of the Dungeon.
             The game lasted 00:00:02 (951 turns).

qw the Shooter (Deep Elf Hunter)                     Turns: 951, Time: 00:00:03

Health: -2/20      AC:  5    Str: 10    XL:     3   Next: 30%
Magic:  5/5        EV: 11    Int: 13    God:
Gold:   14         SH:  0    Dex: 18    Spells: 2/2 levels left

rFire   . . .        a - +0 shortbow
rCold   + . .        (shield currently unavailable)
rNeg    . . .        f - +0 ring mail
rPois   .            (no helmet)
rElec   .            (no cloak)
rCorr   .            (no gloves)
SInv    .            (no boots)
Will    .....        (no amulet)
Stlth   +            d - ring of protection from cold
HPRegen 0.23/turn    (no ring)
MPRegen 0.09/turn

%: no passive effects
@: no status effects
A: no striking features
a: no special abilities


You were on level 2 of the Dungeon.
You visited 1 branch of the dungeon, and saw 2 of its levels.

You collected 14 gold pieces.


   Skills:
 - Level 1.5 Fighting
 + Level 6.9 Ranged Weapons
 - Level 2.4 Dodging
 - Level 1.2 Stealth


You had 2 spell levels left.
You didn't know any spells.
Your spell library was empty.

Inventory:

Hand Weapons
 a - a +0 shortbow (weapon)
Armour
 f - a +0 ring mail (worn)
Jewellery
 d - a ring of protection from cold (left hand)

Dungeon Overview and Level Annotations

Branches:
Dungeon (2/15)

Altars:
Dithmenos


Message History

You see here a giant cockroach corpse.
A gnoll comes into view. It is wielding a +0 club.
You shoot an arrow. The arrow hits the gnoll.
The gnoll is moderately wounded.
You hear an angry hiss.
A frilled lizard comes into view.
A gnoll comes into view. It is wielding a +0 halberd.
You shoot an arrow. The gnoll shouts!
The arrow hits the frilled lizard but does no damage.
The frilled lizard closely misses you.
You shoot an arrow. The arrow misses the frilled lizard.
The frilled lizard bites you.
You shoot an arrow.
The arrow hits the frilled lizard but does no damage.
The frilled lizard bites you but does no damage.
A gnoll comes into view. It is wielding a +1 heavy flail.
945 ||| RETREEEEATING.
You shoot an arrow. The arrow hits the frilled lizard.
The frilled lizard is heavily wounded.
The frilled lizard closely misses you.
You shoot an arrow. The arrow hits the frilled lizard.
You kill the frilled lizard!
The gnoll hits you with a +0 club.
You shoot an arrow. The arrow hits the gnoll!
The gnoll is almost dead.
You hear a shout!
The gnoll hits you but does no damage.
You hear an angry hiss.
You shoot an arrow. The arrow closely misses the gnoll.
The gnoll hits you with a +0 club.
The gnoll hits you from afar with a +0 halberd.
You shoot an arrow. The arrow hits the gnoll.
You kill the gnoll!
The gnoll barely misses you.
You shoot an arrow.
The arrow hits the gnoll but does no damage.
The gnoll hits you with a +1 heavy flail!
Ouch! That really hurt!
You die...

#.. #.# #.# ... #.# #
#.# ###########
#.##.###.........#
#.gg...........#.#
#..#@###.#####%#.####
#.g#.# #.# #<.%....
#.g#.# #.# ########
#..#.# #.# #..#.# #.#
#..#.# #.# #g.#.# #.#
#.# #.#


You could see 2 gnolls.

Vanquished Creatures
  A gnoll (D:2)
  A dart slug (D:1)
  2 bats (D:1)
  4 endoplasms (D:1)
  2 giant cockroaches
  A goblin (D:1)
  4 jackals
  4 kobolds (D:1)
  A quokka (D:1)
  A ball python (D:1)
  2 frilled lizards
  2 rats (D:1)
25 creatures vanquished.

Notes
Turn   | Place    | Note
-------+----------+-------------------------------------------
     0 | D:1      | qw the Deep Elf Hunter began the quest for the Orb.
     0 | D:1      | Reached XP level 1. HP: 12/12 MP: 3/3
     0 | D:1      | 0 ||| qw: Version: 0.3-a-155-g5e7d8dd
     0 | D:1      | 0 ||| qw: Game counter: 1683
     0 | D:1      | 0 ||| qw: Melee chars always use a shield: true
     0 | D:1      | 0 ||| qw: God list: Okawaru
     0 | D:1      | 0 ||| qw: Allow faded altars: false
     0 | D:1      | 0 ||| qw: Do Orc after clearing Dungeon:15 true
     0 | D:1      | 0 ||| qw: Do second Lair branch before Depths: true
     0 | D:1      | 0 ||| qw: Lair rune preference: random
     0 | D:1      | 0 ||| qw: Goals: Normal
     0 | D:1      | 0 ||| PLANNING D:1-11
    92 | D:1      | HP: 3/12 [kobold/+3 whip (4)]
   341 | D:1      | Reached skill level 6 in Ranged Weapons
   341 | D:1      | Reached XP level 2. HP: 16/16 MP: 4/4
   825 | D:1      | Found a shadowy altar of Dithmenos.
   892 | D:1      | 892 ||| UPGRADING to +0 ring mail.
   902 | D:1      | 902 ||| DROPPING +0 leather armour.
   903 | D:1      | 903 ||| UPGRADING to ring of protection from cold.
   904 | D:1      | 904 ||| READING scroll labelled COOCSO GIVVONU.
   905 | D:1      | 905 ||| DROPPING scroll of butterflies.
   923 | D:2      | Reached XP level 3. HP: 20/20 MP: 5/5
   945 | D:2      | 945 ||| RETREEEEATING.
   951 | D:2      | Slain by a gnoll

Levels and vault maps discovered:
D:1:      sevenhm_arrival_forest_fort_small_6, layout_loops_corners
D:2:      layout_loops_ring, basic_altar, minmay_misc_feat_more_columns

Skill      XL: |  1 |
---------------+----+-----
Ranged Weapons | 6 |  6.9
Fighting       | |  1.5
Dodging        | |  2.4
Stealth        | |  1.2

Action                     || total
---------------------------++-------
   Fire: Shortbow          ||    75
    Use: Scroll            ||     1
 Armour: Leather armour    ||    12
         Ring mail         ||     7
  Dodge: Dodged            ||    22

Table legend:
 A = Non-vault XP
 B = Vault XP
 C = Vault XP percentage of total XP
 D = Non-vault monster count
 E = Vault monster count
 F = Vault count percentage of total count
                 A         B        C        D         E       F
            +---------+---------+-------+---------+---------+-------
      Total |      58 |       0 |   0.0 |      25 |       0 |   0.0
            +---------+---------+-------+---------+---------+-------
        D:1 |      37 |       0 |   0.0 |      20 |       0 |   0.0
        D:2 |      21 |       0 |   0.0 |       5 |       0 |   0.0
            +---------+---------+-------+---------+---------+-------
